AoeStats
← AxD | Cad Bane

Arena

509789215Analyzed
2v2 RM · 3d ago on Sep 28, 2026· 17m 8s· 4 players
Game mode
Random Map
Map size
Medium (4 player)
Population
200
Speed
Normal
Resources
Standard
Victory
Conquest
Starting age
Dark Age
Ending age
Imperial Age
RankedLock teamsTeams togetherTeam positionsShared explorationLock speedFull tech treeHidden civsTurbo modeCheats
Victory
Defeat
🇨🇱 Burgundians · Chile
1599
+16
🇦🇷 Cumans · Argentina
1527
+20
🇩🇪 Danes · Germany
1603
-18
🇺🇸 Vietnamese · United States
1603
-18
AxD | Keiokenkun-Uno-Puro
5:38 Loom
8:40 Feudal Age
9:29 Double-Bit Axe
13:49 Loom
AxD | Cad Bane
9:08 Feudal Age
9:47 Double-Bit Axe
11:52 Bow Saw
13:08 Horse Collar
14:03 Scale Mail Armor
BDD || Q
10:55 Feudal Age
14:38 Castle Age
13:19 Loom
13:36 Double-Bit Axe
13:33 Horse Collar
15:10 Wheelbarrow
15:56 Fletching
BDD || J
10:14 Feudal Age
14:31 Castle Age
12:45 Double-Bit Axe
12:40 Horse Collar
14:49 Loom
Connection lost

Rejoining the realm…

Still unreachable

The connection could not be restored.

Session expired

The server has moved on; the page needs a fresh start.